 Dungeon Sprint DCSS version 0.20.1-1-g8b1a95d (webtiles) character file.

25 potatolord6000 the Skirmisher (level 3, -1/36 HPs)
             Began as a Hill Orc Fighter on Sept 1, 2017.
             Was a Believer of Beogh.
             Slain by a jumping spider (2 damage)
             ... summoned by a deep elf mage
             ... in the Dungeon (Sprint VII: "The Pits").
             The game lasted 00:01:51 (469 turns).

potatolord6000 the Skirmisher (Hill Orc Fighter)     Turns: 469, Time: 00:01:51

Health: -1/36      AC: 14    Str: 24    XL:     3   Next: 6%
Magic:  2/5        EV:  3    Int:  8    God:    Beogh [**....]
Gold:   0          SH:  0    Dex: 10    Spells: 2/2 levels left

rFire    . . .     SeeInvis .   a - +0 war axe
rCold    . . .     Gourm    .   (no shield)
rNeg     . . .     Faith    .   q - +2 plate armour
rPois    .         Spirit   .   (no helmet)
rElec    .         Reflect  .   (no cloak)
rCorr    .         Harm     .   (no gloves)
MR       .....     NoTele   +   (no boots)
Stlth    ..........             (no amulet)
Regen    0.2/turn               (no ring)
MPRegen  0.1/turn               (no ring)

@: mighty, held
A: no striking features
a: Smiting, Renounce Religion


You were in the Dungeon.
You worshipped Beogh.
Beogh was pleased with you.
You were not hungry.

You visited 1 branch

Inventory:

Hand Weapons
 a - a +0 war axe (weapon)
Armour
 q - a +2 plate armour (worn)
Scrolls
 k - a scroll of blinking
 l - 3 scrolls of remove curse
 m - 5 scrolls of amnesia
 n - a scroll of summoning
Potions
 c - 2 potions of invisibility
 e - 5 potions of curing
 g - 4 potions of heal wounds
 h - a potion of haste
 i - 4 potions of magic
 j - 3 potions of berserk rage
Comestibles
 f - 8 bread rations
 o - 40 fruits
 p - 7 meat rations


   Skills:
 + Level 5.1 Fighting
 + Level 4.8 Axes
 + Level 4.4 Armour
   Level 3.2 Shields
 + Level 3.1 Invocations


You had 2 spell levels left.
You didn't know any spells.

Dungeon Overview and Level Annotations

Branches:
Dungeon (1/1)

Altars:
Ashenzari
Cheibriados
Dithmenos
Elyvilon
Fedhas
Gozag
Hepliaklqana
Kikubaaqudgha
Makhleb
Nemelex Xobeh
Okawaru
Qazlal
Ru
Sif Muna
Trog
Uskayaw
Vehumet
Xom
Yredelemnul
Zin
The Shining One
Beogh
Jiyva
Lugonu


Message History

The big kobold hits you but does no damage.
The gnoll hits you but does no damage.
The jumping spider leaps!
The deep elf mage casts a spell.
Unknown command.
You feel much better.
The deep elf mage hits you but does no damage.
The sun demon hits you!
You are engulfed in flames!
The gnoll hits you from afar with a halberd.
* * * LOW HITPOINT WARNING * * *
Unknown command.
Unknown command.
Unknown command.
You feel much better.
The big kobold hits you but does no damage.
The sun demon hits you!
You are engulfed in flames!
* * * LOW HITPOINT WARNING * * *
The jumping spider pounces on you!
* * * LOW HITPOINT WARNING * * *
You are caught in a web!
The jumping spider bites you.
You die...

#.#.†'..)..#####'##
#.##'####'###......
#.#.....†).##......
#.#........##......
#.#####'#####...<..
#.#...)))[.##......
#.#...)))[.##......
#'###########......
#3@sKl..# #######
#sKe....# #4.g#...#
#..## ..# #... .#
#... # #.... #####


You could see a sun demon, a hellwing, a deep elf mage, a jumping spider, a
redback, 2 big kobolds, a gnoll and a frilled lizard.

Vanquished Creatures
  A gnoll (D)
  An ooze (D)
  2 leopard geckos (D)
  A bat (D)
  A goblin (D)
  A ball python (D)
  2 frilled lizards (D)
  2 kobolds (D)
11 creatures vanquished.

Vanquished Creatures (others)
  A shadow dragon (D)
  A stone giant (D)
  A lorocyproca (D)
  A red draconian (D)
4 creatures vanquished.

Grand Total: 15 creatures vanquished

Notes
Turn   | Place    | Note
-------+----------+-------------------------------------------
     0 | D        | potatolord6000 the Hill Orc Fighter began the quest for the Orb.
     0 | D        | Reached XP level 1. HP: 19/19 MP: 1/1
    13 | D        | Killed a stone giant
    27 | D        | Killed a red draconian
    28 | D        | Killed a lorocyproca
    32 | D        | Killed a shadow dragon
    51 | D        | Found a bloodstained altar of Trog.
    51 | D        | Found a deep blue altar of Sif Muna.
    51 | D        | Found a viscous altar of Jiyva.
    51 | D        | Found a hazy altar of Hepliaklqana.
    51 | D        | Found an opulent altar of Gozag.
    52 | D        | Found a glowing golden altar of the Shining One.
    52 | D        | Found a glowing silver altar of Zin.
    52 | D        | Found a basalt altar of Yredelemnul.
    52 | D        | Found a shimmering altar of Xom.
    52 | D        | Found a sacrificial altar of Ru.
    52 | D        | Found a stormy altar of Qazlal.
    52 | D        | Found an iron altar of Okawaru.
    52 | D        | Found a sparkling altar of Nemelex Xobeh.
    52 | D        | Found a burning altar of Makhleb.
    52 | D        | Found a blossoming altar of Fedhas.
    52 | D        | Found a white marble altar of Elyvilon.
    52 | D        | Found a shadowy altar of Dithmenos.
    52 | D        | Found a snail-covered altar of Cheibriados.
    54 | D        | Found a radiant altar of Vehumet.
    54 | D        | Found a corrupted altar of Lugonu.
    54 | D        | Found a roughly hewn altar of Beogh.
    56 | D        | Found an ancient bone altar of Kikubaaqudgha.
    56 | D        | Found a hide-covered altar of Uskayaw.
    56 | D        | Found a shattered altar of Ashenzari.
    64 | D        | Became a worshipper of Beogh the Brigand
   111 | D        | Reached skill level 4 in Fighting
   111 | D        | Reached XP level 2. HP: 5/28 MP: 1/3
   369 | D        | Reached * piety under Beogh
   376 | D        | Reached ** piety under Beogh
   376 | D        | Reached skill level 5 in Fighting
   389 | D        | Reached XP level 3. HP: 36/36 MP: 5/5
   461 | D        | Noticed a deep elf mage
   461 | D        | Noticed a big kobold
   463 | D        | Noticed a big kobold
   464 | D        | Noticed a jumping spider
   464 | D        | Noticed a redback
   468 | D        | Noticed a hellwing
   468 | D        | Noticed a sun demon
   469 | D        | HP: 1/36 [jumping spider[a deep elf mage] (7)]
   469 | D        | Slain by a jumping spider

Skill      XL: |  1  2 |
---------------+-------+-----
Axes           | 4 |  4.8
Fighting       | 4 5 |  5.1
Armour         | 4 |  4.4
Invocations    | 2 3 |  3.1
Shields        | |  3.2

Action                   || total
-------------------------++-------
Melee: War axe           ||    23
Invok: Smiting           ||     1
  Use: Potion            ||     4
Armor: Scale mail        ||    11
       Plate armour      ||     8
Dodge: Dodged            ||    18
